 Dungeon Crawl Stone Soup version 0.13.0-9-gbc74161 (webtiles) character file.

176 Piginabag the Charmwright (level 4, -5/39 HPs)
             Began as a Naga Skald on Oct 18, 2013.
             Slain by Crazy Yiuf
             ... wielding a +2,+3 quarterstaff of chaos
              (11 damage)
             ... on Level 2 of the Dungeon.
             The game lasted 00:08:33 (2916 turns).

Piginabag the Charmwright (Naga Skald)              Turns: 2916, Time: 00:08:33

HP  -5/39        AC  3     Str 16      XL: 4   Next: 18%
MP   1/8         EV  9     Int 12      God:
Gold 109         SH  0     Dex 10      Spells:  3 memorised,  1 level left

Res.Fire  : . . .   See Invis. : +   a - +1,+0 short sword
Res.Cold  : . . .   Warding    : .   b - +0 leather armour
Life Prot.: . . .   Conserve   : .   (no shield)
Res.Poison: +       Res.Corr.  : .   (no helmet)
Res.Elec. : .       Clarity    : .   (no cloak)
Sust.Abil.: . .     Spirit.Shd : .   (no gloves)
Res.Mut.  : .       Stasis     : .   (no barding)
Res.Rott. : .       Flight     : .   (no amulet)
Saprovore : . . .                    (no ring)
                                     (no ring)

@: very slow, slightly resistant to hostile enchantments, very unstealthy
A: spit poison, see invisible, deformed body, poison resistance, slowness 2, AC
+1
a: Spit Poison


You were on level 2 of the Dungeon.
You were not hungry.

You visited 1 branch of the dungeon, and saw 2 of its levels.

You collected 89 gold pieces.

Inventory:

Hand weapons
 a - a +1,+0 short sword (weapon)
Armour
 b - a +0 leather armour (worn)
Comestibles
 d - a choko
Scrolls
 e - 2 scrolls of remove curse {unknown}
Potions
 h - a potion of heal wounds {unknown}
Books
 c - a book of Battle

   Spells                             Type                      Level
   *Infusion                          Charms                       1
   *Shroud of Golubria                Charms/Translocation         2
   Song of Slaying                    Charms                       2
   *Spectral Weapon                   Hexes/Charms                 3
   Regeneration                       Charms/Necromancy            3
   Song of Shielding                  Charms                       4


   Skills:
 + Level 2.2 Fighting
 + Level 2.2 Short Blades
 + Level 1.3 Armour
 + Level 1.4 Dodging
 + Level 2.4 Spellcasting
 + Level 0.6 Hexes
 + Level 3.5 Charms


You had one spell level left.
You knew the following spells:

 Your Spells              Type           Power        Failure   Level  Hunger
a - Infusion              Chrm           #.....       8%          1    ##.....
b - Shroud of Golubria    Chrm/Tloc      #.........   21%         2    ###....
c - Spectral Weapon       Hex/Chrm       #.......     34%         3    ####...


Dungeon Overview and Level Annotations

Branches:
Dungeon (2/27)

Altars:

Annotations:
D:2 Crazy Yiuf


Innate Abilities, Weirdness & Mutations

You cannot wear boots.
You can spit poison.
Your serpentine skin is tough (AC +1).
You have supernaturally acute eyesight.
Armour fits poorly on your strangely shaped body.
Your system is resistant to poisons.
You cover ground very slowly.


Message History

Crazy Yiuf hits you with a quarterstaff of chaos.
Space bends around you.
You closely miss Crazy Yiuf. You closely miss Crazy Yiuf.
Crazy Yiuf hits you with a quarterstaff of chaos.
You hit Crazy Yiuf.
Crazy Yiuf is moderately wounded.
Crazy Yiuf hits you with a quarterstaff of chaos!
You hit Crazy Yiuf.
Crazy Yiuf is moderately wounded.
Crazy Yiuf hits you with a quarterstaff of chaos!
* * * LOW HITPOINT WARNING * * *
Crazy Yiuf freezes you.
* * * LOW HITPOINT WARNING * * *
You hit Crazy Yiuf!
Crazy Yiuf is severely wounded.
You are feeling less magically infused.
Crazy Yiuf grits, "Pitchfork!
Citrus horse Hive."
Crazy Yiuf hits you with a quarterstaff of chaos!
You die...

...##.......# #.......#
##.......## #.#####.#
#.##.#......... #.# #
##§##.#.###..## ...
§§..........## ####
##.##.#.##### ##.##...<#
########
##.......###...(#g###
##.#####.##.....@#..#
##.#####.#......####.g...#
...##..........## #..)#
.####.##.##.#### ### .#
##.##.##.# .# #.....##.#
.# #..#####.# .#
#..#####.# .# #......<.#


You could see Crazy Yiuf and a friendly spectral short sword.

Vanquished Creatures
  2 giant mites
  2 giant geckos
  A giant cockroach (D:1)
  5 goblins (D:1)
  7 hobgoblins
  9 jackals
  9 kobolds
  4 bats
  A giant newt (D:1)
  6 rats
46 creatures vanquished.

Notes
Turn   | Place    | Note
--------------------------------------------------------------
     0 | D:1      | Piginabag, the Naga Skald, began the quest for the Orb.
     0 | D:1      | Reached XP level 1. HP: 18/18 MP: 3/3
   644 | D:1      | Reached XP level 2. HP: 19/25 MP: 0/5
   788 | D:1      | Reached skill level 1 in Dodging
   960 | D:1      | Reached skill level 1 in Armour
  1220 | D:1      | Reached XP level 3. HP: 11/31 MP: 1/6
  1676 | D:1      | HP: 1/31 [kobold/elven whip (4)]
  1959 | D:1      | Learned a level 2 spell: Shroud of Golubria
  1963 | D:1      | Learned a level 3 spell: Spectral Weapon
  2747 | D:2      | Reached XP level 4. HP: 30/39 MP: 1/8
  2906 | D:2      | Noticed Crazy Yiuf
  2916 | D:2      | Slain by Crazy Yiuf

Action                   |  1- 3 |  4- 6 || total
-------------------------+-------+-------++-------
Melee: Short sword       |   167 |    16 ||   183
 Cast: Infusion          |    18 |     3 ||    21
       Spectral Weapon   |     6 |     1 ||     7
 Abil: Spit Poison       |     9 |       ||     9
  Use: Scroll            |     3 |     3 ||     6
